Map: Selva profunda EE

Players

MrFercho - Winner!

  • Race: Zerg Zerg
  • League: Gold
  • Spawn Location: 7:00

tigro - Winner!

  • Race: Terran Terran
  • League: Bronze
  • Spawn Location: 7:00

TATORREA - Winner!

  • Race: Protoss Protoss
  • League: Gold
  • Spawn Location: 7:00

Kolgul

  • Race: Protoss Protoss
  • Spawn Location: 1:00

DAVICKO

  • Race: Protoss Protoss
  • Spawn Location: 3:00

MauMaloso

  • Race: Protoss Protoss
  • League: Bronze
  • Spawn Location: 1:00

VOD

Have the link to the VOD?

Description

Time

  • Played on: Aug. 10, 2020, 9:59 p.m.
  • Length: 10:29
Show
View Real Time Build Order
Export as new Build Order

MrFercho Zerg - Winner!

Build Orders: Hatch First 

Get SALT Encoding   

  12  0:01  Drone  
  13  0:14  Overlord  
  13  0:18  Drone  
  14  0:33  Drone x2  
  16  0:53  Drone  
  17  0:57  Drone  
  17  0:58  Hatchery  
  17  1:01  Drone  
  18  1:11  Extractor  
  18  1:18  Spawning Pool  
  16  1:20  Drone  
  16  1:23  Drone  
  18  1:31  Drone  
  20  1:47  Drone  
  20  1:58  Overlord  
  20  2:04  Drone  
  21  2:16  Queen x2, Metabolic Boost  
  21  2:19  Drone x2  
  27  2:30  Drone  
  27  2:31  Drone x2  
  27  2:34  Drone  
  31  2:42  Drone  
  32  2:45  Drone  
  33  2:56  Queen  
  35  3:01  Drone  
  35  3:04  Overlord x2  
  36  3:09  Evolution Chamber  
  36  3:10  Drone  
  36  3:22  Drone x2  
  38  3:32  Drone x7  
  45  3:38  Zerg Melee Weapons Level 1  
  45  3:45  Baneling Nest  
  45  3:48  Hatchery  
  43  4:01  Zergling x16  
  51  4:13  Overlord x2  
  51  4:27  Zergling x2  
  51  4:31  Zergling x4, Queen  
  52  4:32  Zergling x4  
  58  4:41  Zergling x8  
  62  4:57  Zergling x2  
  62  4:58  Zergling x8  
  67  5:00  Baneling  
  67  5:01  Baneling x10  
  67  5:04  Zergling x6  
  70  5:17  Zergling x8  
  74  5:34  Zergling x2  
  74  5:35  Zergling x4  
  73  5:36  Overlord x4  
  73  5:37  Overlord  
  73  5:38  Zergling x4  
  73  5:40  Zergling x4  
  59  5:53  Zergling x16  
  59  5:54  Hatchery  
  65  6:05  Zergling x8  
  68  6:12  Zergling x4  
  68  6:13  Zergling x2  
  66  6:23  Zergling x2  
  66  6:24  Zergling x14  
  72  6:29  Zergling x2  
  72  6:33  Drone  
  72  6:38  Zerg Ground Armor Level 1  
  72  6:39  Zergling x8  
  72  6:54  Zergling x20  
  72  7:00  Zergling x2  
  80  7:02  Zergling x2  
  80  7:04  Overlord  
  80  7:05  Zergling x4, Drone  
  76  7:13  Zergling x4  
  76  7:18  Zergling x14  
  76  7:19  Zergling x4  
  83  7:25  Extractor  
  83  7:27  Zergling x4  
  80  7:36  Zergling x2  
  81  7:37  Zergling x10  
  79  7:45  Zergling x10  
  79  7:46  Zergling x2  
  79  7:49  Zergling x2  
  80  7:55  Zergling x2  
  80  7:56  Zergling x4  
  81  8:01  Lair  
  81  8:02  Zergling x4  
  81  8:03  Zergling x12  
  84  8:14  Zergling x18  
  89  8:21  Zergling x2  
  89  8:29  Extractor, Zergling x14  
  95  8:40  Baneling x13  
  93  8:48  Zergling x12  
  97  8:49  Zergling x2  
  88  9:16  Zergling x26  
  88  9:17  Zergling x4  
  101  9:22  Zergling x4  
  104  9:31  Zergling x10  
  104  9:32  Zergling x2  
  110  9:51  Zergling x2  
  110  9:52  Zergling x18  
  113  10:04  Zergling x2  
  113  10:05  Zergling x10  
  115  10:08  Zergling x4  
  115  10:10  Zergling x2  
  115  10:11  Zergling x2  
Show
View Real Time Build Order
Export as new Build Order

tigro Terran - Winner!

Build Orders:  

Get SALT Encoding   

  12  0:13  SCV  
  13  0:21  Supply Depot  
  13  0:25  SCV  
  14  0:37  SCV  
  15  0:49  SCV  
  16  0:54  Barracks  
  16  0:57  Refinery  
  16  1:01  SCV  
  17  1:14  SCV  
  18  1:23  Supply Depot  
  18  1:26  SCV  
  18  1:29  Refinery  
  19  1:38  SCV  
  20  1:42  Marine  
  21  1:50  SCV  
  22  2:00  Marine  
  23  2:06  SCV  
  23  2:07  Factory  
  24  2:18  Marine, SCV  
  26  2:32  Engineering Bay  
  26  2:35  Marine  
  27  2:40  Orbital Command  
  27  2:51  Factory Tech Lab  
  27  2:53  Marine  
  28  3:09  Terran Infantry Weapons Level 1  
  28  3:12  Barracks Tech Lab  
  28  3:15  Siege Tank  
  31  3:46  Refinery  
  31  3:48  Siege Tank  
  31  3:50  Combat Shield  
  34  4:36  Marine  
  35  4:45  Command Center  
  35  4:54  Marine  
  36  5:03  Terran Infantry Armor Level 1  
  36  5:09  Stimpack  
  36  5:11  Marine  
  37  5:29  Marine  
  38  5:47  Starport, Marine  
  35  5:59  Refinery  
  34  6:05  Marine  
  35  6:23  Marine  
  32  6:38  Cyclone  
  35  6:40  Marine  
  35  6:57  Neosteel Armor  
  35  6:58  Marine  
  35  7:00  Medivac  
  35  7:06  Supply Depot  
  35  7:08  SCV  
  35  7:10  Cyclone  
  37  7:16  Marine  
  37  7:20  SCV  
  38  7:29  Supply Depot  
  38  7:33  SCV  
  38  7:34  Marine  
  40  7:42  Cyclone  
  43  7:45  SCV  
  44  7:57  SCV  
  43  8:14  Cyclone  
  43  8:19  Marine  
  44  8:37  Marine  
  43  8:46  Cyclone  
  43  8:47  Medivac  
  48  8:54  Marine  
  46  9:12  Marine  
  47  9:18  Cyclone  
  50  9:30  Marine  
  51  9:43  Starport Tech Lab  
  51  9:48  Marine  
  51  9:51  Cyclone  
  55  10:06  Marine  
Show
View Real Time Build Order
Export as new Build Order

TATORREA Protoss - Winner!

Build Orders:  

Get SALT Encoding   

  12  0:03  Probe  
  13  0:16  Probe  
  14  0:27  Pylon  
  14  0:28  Probe  
  15  0:45  Probe  
  16  0:52  Gateway  
  16  0:57  Probe  
  17  1:09  Gateway, Probe  
  18  1:20  Assimilator  
  18  1:21  Probe  
  18  1:23  Pylon  
  19  1:33  Probe  
  20  1:45  Probe  
  20  1:46  Assimilator  
  21  1:48  Pylon  
  21  1:57  Cybernetics Core  
  21  2:00  Probe  
  22  2:07  Gateway  
  22  2:10  Gateway  
  22  2:12  Probe  
  23  2:34  Adept x2 (Chrono Boost)  
  27  2:37  Warp Gate  
  27  2:55  Adept x2 (Chrono Boost)  
  31  3:14  Nexus  
  27  3:43  Probe  
  28  3:55  Probe  
  28  3:57  Robotics Facility  
  28  4:00  Twilight Council  
  28  4:02  Stargate  
  29  4:04  Pylon  
  29  4:07  Pylon  
  29  4:08  Probe  
  30  4:35  Probe  
  30  4:36  Probe  
  28  4:47  Stalker x3  
  28  4:48  Stalker, Probe x2  
  38  5:00  Charge (Chrono Boost), Probe x2  
  40  5:11  Stalker  
  40  5:12  Stalker, Probe x2  
  46  5:40  Stalker x4  
  54  6:25  Probe x2  
  54  6:27  Stalker x3  
  54  6:28  Stalker  
  54  6:31  Assimilator  
  54  6:32  Assimilator  
  58  6:37  Probe x2  
  54  7:00  Stalker x4  
  60  7:02  Probe x2  
  62  7:14  Probe x2  
  64  7:26  Probe x2  
  66  7:38  Probe  
  65  7:51  Stalker x3  
  65  8:20  Stalker x2  
  69  8:39  Nexus  
  69  8:41  Pylon  
  69  8:43  Pylon  
  69  8:46  Pylon  
  69  8:50  Pylon  
  69  8:55  Pylon  
  69  8:58  Pylon  
  69  8:59  Immortal  
  73  9:05  Stalker  
  73  9:06  Stalker x3  
  81  9:21  Probe x2  
  81  9:23  Gateway  
  83  9:26  Gateway  
  83  9:28  Gateway  
  83  9:31  Gateway  
  83  9:33  Probe x2  
  83  9:36  Stalker x4  
  93  9:45  Probe  
  94  9:49  Probe  
  95  9:57  Probe  
  95  9:58  Assimilator, Probe  
  97  10:01  Assimilator, Probe  
  98  10:09  Probe  
Show
View Real Time Build Order
Export as new Build Order

Kolgul Protoss 

Build Orders:  

Get SALT Encoding   

  12  0:03  Probe (Chrono Boost)  
  14  0:14  Probe (Chrono Boost)  
  14  0:24  Pylon  
  14  0:27  Probe  
  15  0:43  Forge  
  15  0:47  Gateway  
  15  0:52  Probe  
  16  1:17  Pylon  
  16  1:21  Pylon  
  16  1:23  Probe  
  17  1:30  Assimilator  
  17  1:33  Assimilator  
  17  1:35  Probe  
  18  1:45  Photon Cannon  
  18  1:47  Probe  
  19  2:08  Photon Cannon  
  19  2:19  Pylon  
  19  2:24  Cybernetics Core  
  19  2:31  Photon Cannon  
  19  2:33  Probe (Chrono Boost)  
  20  2:44  Photon Cannon, Probe (Chrono Boost)  
  21  2:48  Photon Cannon  
  21  2:49  Probe (Chrono Boost)  
  22  2:56  Photon Cannon  
  22  3:00  Probe  
  23  3:07  Photon Cannon  
  23  3:18  Photon Cannon  
  23  3:31  Pylon  
  23  3:51  Photon Cannon  
  23  3:55  Photon Cannon  
  23  4:02  Stargate  
  23  4:06  Stargate  
  23  4:26  Gateway  
  23  4:29  Stalker  
  25  4:41  Photon Cannon  
  25  4:45  Photon Cannon  
  25  4:52  Probe  
  26  5:03  Oracle  
  26  5:04  Probe  
  28  5:33  Zealot  
  23  6:00  Zealot  
  21  6:44  Void Ray (Chrono Boost)  
  18  6:55  Pylon  
  18  7:39  Pylon  
  18  7:50  Void Ray  
Show
View Real Time Build Order
Export as new Build Order

DAVICKO Protoss 

Build Orders: Forge Fast Expand (FFE) 

Get SALT Encoding   

  12  0:11  Pylon  
  12  0:21  Probe (Chrono Boost)  
  13  0:31  Probe (Chrono Boost)  
  14  0:36  Probe (Chrono Boost)  
  15  0:44  Forge  
  15  0:48  Probe  
  16  1:00  Probe  
  17  1:08  Gateway  
  17  1:21  Pylon  
  17  1:37  Nexus  
  17  1:47  Gateway  
  17  2:15  Pylon  
  17  2:24  Cybernetics Core  
  17  2:34  Assimilator  
  17  2:45  Assimilator  
  17  2:46  Photon Cannon  
  17  2:55  Photon Cannon  
  17  3:09  Probe (Chrono Boost)  
  18  3:19  Probe (Chrono Boost)  
  19  3:24  Probe (Chrono Boost)  
  20  3:35  Probe  
  20  3:47  Probe  
  20  3:48  Photon Cannon  
  21  3:52  Pylon  
  21  4:10  Zealot  
  21  4:37  Zealot  
  21  4:49  Probe (Chrono Boost)  
  22  4:55  Pylon  
  23  5:00  Probe (Chrono Boost)  
  23  5:05  Probe (Chrono Boost)  
  24  5:10  Photon Cannon, Stargate  
  24  5:15  Photon Cannon  
  24  5:19  Probe x2 (Chrono Boost)  
  28  5:30  Probe (Chrono Boost)  
  28  5:32  Probe (Chrono Boost)  
  28  5:34  Photon Cannon, Probe (Chrono Boost)  
  28  5:42  Photon Cannon  
  29  5:45  Probe  
  30  6:01  Photon Cannon  
  30  6:09  Photon Cannon  
  30  6:19  Pylon  
  26  6:43  Stalker  
  22  7:11  Photon Cannon  
  10  7:39  Forge  
  10  7:44  Assimilator  
  10  7:48  Gateway  
  10  7:49  Assimilator  
  10  8:00  Probe (Chrono Boost)  
  11  8:11  Probe (Chrono Boost)  
  12  8:16  Probe (Chrono Boost)  
  13  8:27  Probe (Chrono Boost)  
  14  8:36  Pylon  
  14  8:37  Probe (Chrono Boost)  
  15  8:42  Probe (Chrono Boost)  
  16  8:53  Probe  
  17  8:56  Photon Cannon  
  17  9:03  Zealot  
  19  9:11  Photon Cannon  
  19  9:30  Photon Cannon  
  19  9:36  Pylon  
  19  9:45  Pylon  
Show
View Real Time Build Order
Export as new Build Order

MauMaloso Protoss 

Build Orders:  

Get SALT Encoding   

  12  0:03  Probe (Chrono Boost)  
  14  0:14  Probe (Chrono Boost)  
  14  0:19  Probe (Chrono Boost)  
  15  0:36  Pylon  
  15  0:47  Pylon  
  15  1:08  Nexus  
  15  1:13  Assimilator  
  15  1:20  Assimilator  
  15  1:31  Forge  
  15  1:34  Probe (Chrono Boost)  
  16  2:28  Photon Cannon  
  16  2:35  Photon Cannon  
  16  2:39  Photon Cannon  
  16  2:43  Photon Cannon  
  16  2:47  Assimilator  
  16  2:50  Probe (Chrono Boost)  
  17  2:52  Assimilator  
  17  3:01  Probe (Chrono Boost)  
  18  3:08  Probe (Chrono Boost)  
  18  3:09  Probe (Chrono Boost)  
  20  3:19  Probe (Chrono Boost)  
  22  3:21  Probe (Chrono Boost)  
  22  3:24  Pylon, Probe (Chrono Boost)  
  23  3:35  Probe (Chrono Boost)  
  24  3:42  Probe (Chrono Boost)  
  24  3:45  Gateway  
  25  3:49  Gateway, Probe  
  26  3:57  Pylon  
  26  4:01  Probe  
  27  4:07  Pylon  
  27  4:13  Probe  
  28  4:20  Pylon  
  28  4:26  Probe  
  28  4:29  Gateway  
  29  4:36  Zealot x2  
  29  4:38  Probe  
  34  4:50  Probe  
  35  4:55  Cybernetics Core  
  35  5:03  Zealot x2  
  35  5:06  Gateway  
  39  5:10  Photon Cannon  
  39  5:14  Photon Cannon  
  39  5:20  Photon Cannon  
  39  5:30  Zealot  
  39  5:35  Photon Cannon  
  41  5:40  Photon Cannon  
  33  6:10  Zealot x2  
  35  6:32  Photon Cannon  
  35  6:37  Zealot (Chrono Boost)  
  35  6:38  Zealot (Chrono Boost)  
  35  6:55  Photon Cannon  
  39  7:22  Pylon  
  37  7:26  Pylon  
  37  7:32  Pylon  
  37  7:39  Zealot (Chrono Boost)  
  37  7:42  Zealot x2 (Chrono Boost)  
  42  8:06  Photon Cannon  
  42  8:08  Zealot x2 (Chrono Boost)  
  23  8:32  Zealot x2  
  25  8:59  Zealot x2  
  21  9:26  Zealot  
  21  9:27  Zealot  
  20  9:40  Gateway  
  20  9:45  Gateway  
Tags
 
Add a new tag
Caveats
  • Supply blocks, unpowered buildings, or Contaminate may cause inaccurate times.
  • Supply counts are checked every 10 seconds.